 Dungeon Crawl Stone Soup version 0.18-a0-1481-g708b138 (webtiles) character file.

97213 Geeful the Frost Mage (level 15, -5/126 HPs)
             Began as a Mottled Draconian Ice Elementalist on Mar 1, 2016.
             Was the Champion of Vehumet.
             Shot with an arrow by a centaur warrior (8 damage)
             ... on level 15 of the Dungeon on Mar 2, 2016.
             The game lasted 03:23:08 (40341 turns).

Geeful the Frost Mage (DrIE)                       Turns: 40341, Time: 03:23:08

Health: -5/126     AC: 18    Str: 12 (13) XL:     15   Next: 71%
Magic:  22/32      EV: 18    Int: 24      God:    Vehumet [******]
Gold:   2536       SH:  0    Dex: 18      Spells: 9 memorised, 1 level left

rFire  + . .     SeeInvis .     b - staff of conjuration
rCold  . . .     Gourm    .     (armour unavailable)
rNeg   . . .     Faith    .     (no shield)
rPois  .         Spirit   .     B - +0 hat "Fuintac" {Int+4 Stlth+}
rElec  +         Dismiss  .     D - +2 cloak {rF+}
rCorr  .         Reflect  .     X - +2 pair of gloves {Str+3}
SustAt .         Harm     .     W - +2 pair of boots {run}
MR     ++...     Clarity  +     (no amulet)
Stlth  +++.......               J - ring of wizardry
                                Y - ring of protection from magic

@: quick, very resistant to hostile enchantments, fairly stealthy
A: breathe sticky flame splash, unfitting armour, hooves 1, horns 1, agile 2,
berserk 1, clarity, deterioration 1, electricity resistance, cold-blooded, AC +9
a: Breathe Sticky Flame, Renounce Religion


You were on level 15 of the Dungeon.
You worshipped Vehumet.
Vehumet was exalted by your worship.
You were not hungry.

You visited 4 branches of the dungeon, and saw 26 of its levels.
You also visited: Bailey and Volcano.

You collected 3221 gold pieces.
You spent 685 gold pieces at shops.

Inventory:

Hand Weapons
 a - a +2 great mace of protection
 x - a +1 eveningstar of holy wrath
 R - a +0 eveningstar of flaming
Missiles
 V - 9 throwing nets (quivered)
Armour
 B - the +0 hat "Fuintac" (worn) {Int+4 Stlth+}
   (You acquired it on level 2 of the Orcish Mines)

   It affects your intelligence (+4).
   It makes you more stealthy.
 D - a +2 cloak of fire resistance (worn)
 P - a +0 pair of boots of fire resistance
 W - a +2 pair of boots of running (worn)
 X - a +2 pair of gloves of strength (worn)
Magical Staves
 b - an uncursed staff of conjuration (weapon)
Jewellery
 i - a +2 amulet of reflection
 q - an uncursed ring of poison resistance
 J - a ring of wizardry (right hand)
 Q - an uncursed ring of fire
 Y - a ring of protection from magic (left hand)
Wands
 k - a wand of enslavement (15/24)
 n - a wand of confusion (38/48)
 t - a wand of teleportation (4/9)
 u - a wand of heal wounds (4/9)
 y - a wand of confusion (11/48)
 Z - a wand of disintegration (5/24)
Scrolls
 d - a scroll of blinking
 g - 6 scrolls of teleportation
 h - 2 scrolls of immolation
 j - 2 scrolls of fear
 p - 2 scrolls of fog
 s - 2 scrolls of summoning
 A - 11 scrolls of remove curse
 H - a scroll of enchant armour
 I - 2 scrolls of enchant weapon
 N - 4 scrolls of amnesia
Potions
 c - 2 potions of magic
 e - 9 potions of heal wounds
 f - 11 potions of curing
 m - 2 potions of invisibility
 r - 2 potions of cancellation
 v - 4 potions of flight
 z - 2 potions of haste
 K - 6 potions of berserk rage
 L - 4 potions of agility
 M - 2 potions of brilliance
 S - 4 potions of might
Books
 G - the Guide on Stolen Souls
   (You found it on level 12 of the Dungeon)

   Spells                             Type                      Level
   a - Corpse Rot                     Necromancy                   2
   b - Vampiric Draining              Necromancy                   3
   c - Control Undead                 Necromancy                   4
   d - Simulacrum                     Ice/Necromancy               6
Miscellaneous
 U - a legendary deck of changes {the Blade}
Comestibles
 l - 8 chunks of flesh
 o - 7 meat rations
 w - 16 bread rations
 C - 26 royal jellies
 E - 9 fruits


   Skills:
 - Level 10.3 Fighting
 + Level 8.5 Dodging
 - Level 1.7 Stealth
 + Level 13.8 Spellcasting
 + Level 14.1 Conjurations
 + Level 14.7 Ice Magic


You had one spell level left.
You knew the following spells:

 Your Spells              Type           Power        Failure   Level  Hunger
a - Freeze                Ice            ####         0%          1    None
b - Throw Icicle          Conj/Ice       #######.     1%          4    None
c - Summon Ice Beast      Ice/Summ       ######..     1%          4    None
d - Ozocubu's Armour      Chrm/Ice       ######..     1%          3    None
e - Iskenderun's Mystic   Conj           #######.     1%          4    None
f - Bolt of Cold          Conj/Ice       #######...   1%          6    #####..
g - Bolt of Magma         Conj/Fire/Erth ######....   2%          5    ###....
h - Iron Shot             Conj/Erth      ######....   3%          6    #####..
i - Orb of Destruction    Conj           #######...   1%          7    ######.


Dungeon Overview and Level Annotations

Branches:
Dungeon (15/15)            Temple (1/1) D:5            Lair (8/8) D:8
  Swamp (0/4) Lair:4        Snake (0/4) Lair:6        Slime (0/6) Lair:6
    Orc (2/2) D:11            Elf (0/3) Orc:2        Vaults (0/5) D:13
 Depths: D:15

Altars:
Ashenzari
Cheibriados
Dithmenos
Elyvilon
Fedhas
Gozag
Kikubaaqudgha
Makhleb
Nemelex Xobeh
Okawaru
Pakellas
Qazlal
Ru
Sif Muna
Trog
Vehumet
Xom
Yredelemnul
Zin
The Shining One

Shops:
D:9 !   D:11 ([   D:12 !   D:15 (   Orc:2 [}?!

Annotations:
D:3 Robin
Lair:1 tijit's ghost, journeyman DECj
Lair:4 2 exclusions
Lair:5 exclusion: wraith, Wallaby3's ghost, journeyman OgAM; tijit's ghost, journeyman DEAE
Lair:7 exclusions: 5 death yaks and 1 more exclusion


Innate Abilities, Weirdness & Mutations

You can spit globs of burning liquid.
You can ignite nearby creatures when you spit burning liquid.
Your weird mottled scales are hard (AC +9).
Your body does not fit into most forms of armour.
You are cold-blooded and may be slowed by cold attacks.
You have large cloven feet.
You have a pair of small horns on your head.
You are very agile. (Dex +4)
You tend to lose your temper in combat.
You possess an exceptional clarity of mind.
Your body sometimes deteriorates upon taking damage.
You are resistant to electric shocks.


Message History

The centaur warrior shoots an arrow.
The arrow hits you but does no damage.
The yaktaur captain shoots a bolt.
The bolt hits you! The bolt freezes you.
You feel as though you will be slow longer.
You see here a bolt.
The yaktaur captain shoots a bolt.
The bolt hits you!!
* * * LOW HITPOINT WARNING * * *
Your body deteriorates!
You feel weakened. The bolt freezes you!
* * * LOW HITPOINT WARNING * * *
You feel as though you will be slow longer.
You see here a bolt.
The centaur warrior shoots an arrow.
The arrow barely misses you.
The centaur warrior shoots an arrow.
The arrow hits you but does no damage.
The centaur warrior shoots an arrow.
The arrow closely misses you.
The centaur warrior shoots an arrow.
The arrow hits you.
* * * LOW HITPOINT WARNING * * *
You see here 3 arrows.
You feel yourself speed up.
The centaur warrior shoots an arrow.
The arrow hits you!
You die...

.....≈≈ #......... #≈≈≈#.≈
#.######## #...c.c### #.# #.
#.((##########.## #.
#......#.(c..........#### #.
#≈≈≈#.≈####(#######.....###.
.....≈≈ #.# #...#..... #
##### #.# #.#...###. #@#
#.##..###. #.# #.##..#...
#.# #.##.....# #.#
#......#..
#.##########.#)).#
#.)........#.##)##
##########.#.##.# #.#.##.##
#.#..)...


You could see a centaur warrior.

Vanquished Creatures
  Azrael (Orc:2)
  Erolcha (D:13)
  A fire dragon (Lair:8)
  Harold (Lair:1)
  3 ogre magi
  8 hydras
  A centaur warrior (D:15)
  A catoblepas (D:15)
  17 death yaks
  The ghost of edsrzf the Arsonist, a novice DrFE of Lugonu (Lair:2)
  4 orc high priests
  Nergalle (D:10)
  Sonja (D:13)
  3 skeletal warriors (D:12)
  4 unseen horrors
  A lindwurm (Lair:8)
  7 orc knights
  Pikel (D:6)
  2 wolf spider zombies
  5 hill giants
  A cyclops (Orc:2)
  A deep elf mage (D:12)
  An oklob plant (Lair:2)
  4 orc sorcerers (Orc:2)
  A manticore (D:13)
  3 griffons (Lair:8)
  6 ugly things
  An elephant (Lair:8)
  6 black mambas
  A molten gargoyle (Volcano)
  2 centaur zombies
  2 gargoyles
  9 spiny frogs
  5 rime drakes
  A kobold demonologist (D:12)
  8 komodo dragons
  The ghost of tijit the Thaumaturge, a novice DEAE (D:5)
  9 polar bears
  A queen bee (D:12)
  4 trolls
  5 two-headed ogres
  2 raiju (Lair:8)
  A boulder beetle (Lair:8)
  2 hornet zombies
  Sigmund (D:3)
  3 shadows
  6 wyverns
  A wraith (D:11)
  3 vampires
  5 fire elementals
  42 yaks
  2 basilisks
  A vampire mosquito (D:14)
  A hungry ghost (D:11)
  Menkaure (D:6)
  4 hippogriffs
  A steam dragon (D:12)
  10 wolves
  6 wargs
  A harpy simulacrum (D:15)
  4 mottled dragons
  3 nagas (Lair:6)
  3 swamp worms (Lair:4)
  A soldier ant (D:15)
  8 hell hounds
  19 water moccasins
  16 porcupines
  22 orc warriors
  4 swamp drakes (Lair:8)
  5 ice beasts
  4 sky beasts
  14 black bears
  A necrophage (D:12)
  8 ogres
  2 wasps
  6 centaurs
  18 crocodiles
  2 big kobolds (D:8)
  26 giant frogs
  6 gnoll sergeants (Bailey)
  4 wyvern skeletons
  2 scorpions
  48 killer bees
  16 wights
  4 electric eels
  2 howler monkeys
  A giant frog zombie (D:8)
  A lava snake (D:12)
  8 crimson imps
  6 gnoll shamans (Bailey)
  6 jellies
  7 orc priests
  A water moccasin simulacrum (D:11)
  3 giant frog skeletons
  7 hounds
  14 orc wizards
  8 centaur skeletons
  12 iguanas
  Terence (D:3)
  A hell rat (Lair:6)
  7 worker ants
  A killer bee zombie (D:10)
  11 sheep
  A giant frog simulacrum (D:11)
  A hound zombie (D:10)
  A hound skeleton (D:10)
  The ghost of Ultraviolent4 the Ruffian, a weakling VSMo (D:3)
  18 gnolls
  A howler monkey skeleton (D:10)
  11 adders
  26 river rats
  A shadow imp (D:15)
  A white imp (D:11)
  An ufetubus (Orc:1)
  2 oozes
  An adder skeleton (D:4)
  2 adder zombies
  A worm (D:4)
  A dart slug (D:1)
  4 giant geckos
  49 orcs
  4 ball pythons
  10 bats
  5 giant cockroaches
  10 goblins
  8 hobgoblins
  3 jackals (Lair:8)
  7 kobolds
  3 quokkas
  A giant gecko skeleton (D:8)
  5 giant newts
  A jackal zombie (D:8)
  A quokka zombie (D:5)
  9 rats
  A bush (Lair:2)
763 creatures vanquished.

Vanquished Creatures (collateral kills)
  Maud (D:10)
  A hydra (Lair:7)
  A griffon (Lair:6)
  4 blink frogs (Lair:3)
  A centaur simulacrum (D:11)
  5 yaks (Lair:8)
  4 wargs
  6 wolves (Lair:8)
  3 water moccasins
  3 orc warriors
  A porcupine (Lair:7)
  A black bear (Lair:8)
  2 big kobolds
  2 gnoll sergeants (Bailey)
  12 hounds (Lair:8)
  6 orc priests
  6 orc wizards
  3 hell rats (Lair:6)
  8 sheep
  3 gnolls (Orc:1)
  19 river rats
  An ooze (Lair:6)
  15 orcs
  2 jackals (Lair:8)
  A kobold (D:14)
111 creatures vanquished.

Vanquished Creatures (others)
  A jelly (D:6)
  49 fungi
  52 plants
102 creatures vanquished.

Grand Total: 976 creatures vanquished

Notes
Turn   | Place    | Note
--------------------------------------------------------------
     0 | D:1      | Geeful the Draconian Ice Elementalist began the quest for the Orb.
     0 | D:1      | Reached XP level 1. HP: 14/14 MP: 3/3
   205 | D:1      | Reached XP level 2. HP: 11/20 MP: 1/5
   647 | D:1      | Found a sparkling altar of Nemelex Xobeh.
  1017 | D:1      | Reached XP level 3. HP: 22/26 MP: 4/7
  2030 | D:3      | Noticed Robin
  2031 | D:3      | Noticed Poismiwo
  2071 | D:2      | Reached XP level 4. HP: 29/33 MP: 4/8
  2166 | D:2      | Learned a level 4 spell: Throw Icicle
  2300 | D:3      | Noticed Ultraviolent4's ghost (weakling VSMo)
  2312 | D:3      | Killed Ultraviolent4's ghost
  2321 | D:3      | Noticed Sigmund
  2333 | D:3      | Killed Sigmund
  2333 | D:3      | Reached XP level 5. HP: 21/38 MP: 2/10
  2709 | D:3      | Found a shattered altar of Ashenzari.
  2774 | D:3      | Noticed Terence
  2780 | D:3      | Killed Terence
  2780 | D:3      | Reached XP level 6. HP: 34/45 MP: 6/11
  3186 | D:4      | Reached skill level 5 in Ice Magic
  3708 | D:5      | Entered Level 5 of the Dungeon
  3715 | D:5      | Noticed a wyvern
  3727 | D:5      | Killed a wyvern
  3727 | D:5      | Your scales start taking on a weird mottled colour.
  3727 | D:5      | Reached XP level 7. HP: 43/50 MP: 4/13
  4046 | D:5      | Found a staircase to the Ecumenical Temple.
  4052 | Temple   | Entered the Ecumenical Temple
  4056 | Temple   | Became a worshipper of Vehumet
  4090 | D:5      | Noticed tijit's ghost (novice DEAE)
  4115 | D:5      | Killed tijit's ghost
  4115 | D:5      | Reached skill level 5 in Spellcasting
  4422 | D:5      | Found a sacrificial altar of Ru.
  4510 | D:6      | Noticed Pikel
  4563 | D:6      | Noticed Menkaure
  4581 | D:6      | Killed Menkaure
  4581 | D:6      | Reached skill level 5 in Conjurations
  4581 | D:6      | Reached XP level 8. HP: 30/57 MP: 16/16
  4883 | D:6      | Found a glowing golden altar of the Shining One.
  4902 | D:6      | Found a burning altar of Makhleb.
  5018 | D:6      | Killed Pikel
  5185 | D:6      | Reached XP level 9. HP: 57/62 MP: 14/19
  5289 | D:7      | Found a deep blue altar of Sif Muna.
  5408 | D:7      | Found an ancient bone altar of Kikubaaqudgha.
  5408 | D:7      | Found a sparkling altar of Nemelex Xobeh.
  5862 | D:7      | Reached * piety under Vehumet
  5862 | D:7      | Offered knowledge of Sandblast by Vehumet.
  6671 | D:8      | Found a staircase to the Lair.
  6911 | D:8      | Found a basalt altar of Yredelemnul.
  6957 | D:8      | You fall through a shaft for 2 floors!
  6957 | D:10     | Entered Level 10 of the Dungeon
  7775 | D:9      | Reached XP level 10. HP: 58/69 MP: 4/22
  8177 | D:9      | Found Ryluisi's Distillery.
  8189 | D:9      | Bought a potion of berserk rage for 60 gold pieces
  8189 | D:9      | Bought a potion of agility for 48 gold pieces
  8189 | D:9      | Bought a potion of magic for 96 gold pieces
  8189 | D:9      | Bought a potion of brilliance for 48 gold pieces
  8189 | D:9      | Bought a potion of haste for 120 gold pieces
  8189 | D:9      | Bought a potion of curing for 36 gold pieces
  8312 | D:8      | Found an ancient bone altar of Kikubaaqudgha.
  8698 | D:8      | Learned a level 4 spell: Summon Ice Beast
  8791 | D:8      | Noticed a two-headed hydra
  8800 | D:8      | Killed a two-headed hydra
  8984 | D:8      | Offered knowledge of Sting by Vehumet.
  9136 | D:8      | Reached ** piety under Vehumet
  9245 | D:8      | Found a white marble altar of Elyvilon.
  9904 | D:10     | Noticed Maud
  9936 | D:10     | Killed Maud
  9936 | D:10     | Reached skill level 5 in Dodging
 10278 | D:10     | Noticed Nergalle
 10278 | D:10     | Noticed a hill giant
 10529 | D:10     | Killed Nergalle
 11037 | D:10     | Killed a hill giant
 11104 | D:10     | Learned a level 3 spell: Ozocubu's Armour
 11113 | D:11     | Noticed a brown ugly thing
 11141 | D:10     | Killed a brown ugly thing
 11141 | D:10     | Reached XP level 11. HP: 37/74 MP: 0/23
 11347 | D:11     | Found Odeane's Weapon Boutique.
 11352 | D:11     | Offered knowledge of Inner Flame by Vehumet.
 11369 | D:11     | Found a staircase to the Orcish Mines.
 11371 | D:11     | Found Nynec's Armour Boutique.
 11575 | D:10     | Reached *** piety under Vehumet
 11698 | Lair:1   | Entered Level 1 of the Lair of Beasts
 11742 | Lair:1   | Noticed Harold
 11757 | Lair:1   | Killed Harold
 12212 | Lair:1   | Noticed tijit's ghost (journeyman DECj)
 12689 | Lair:1   | Offered knowledge of Iskenderun's Mystic Blast by Vehumet.
 12699 | Lair:1   | Learned a level 4 spell: Iskenderun's Mystic Blast
 13310 | Lair:2   | Noticed edsrzf's ghost (novice DrFE)
 13315 | Lair:2   | Killed edsrzf's ghost
 13315 | Lair:2   | Reached skill level 10 in Ice Magic
 14187 | Lair:2   | Noticed an oklob plant
 14354 | Lair:2   | Killed an oklob plant
 15237 | Lair:3   | Reached skill level 10 in Conjurations
 15841 | Lair:3   | Reached **** piety under Vehumet
 15841 | Lair:3   | Reached skill level 10 in Spellcasting
 16268 | Lair:2   | Reached XP level 12. HP: 61/81 MP: 3/26
 16682 | Lair:4   | Offered knowledge of Airstrike by Vehumet.
 16923 | Lair:4   | Noticed an eight-headed hydra
 16929 | Lair:4   | Killed an eight-headed hydra
 17733 | Lair:4   | Found a staircase to the Swamp.
 18182 | Lair:5   | Noticed a five-headed hydra
 18182 | Lair:5   | Noticed tijit's ghost (journeyman DEAE)
 18654 | Orc:1    | Entered Level 1 of the Orcish Mines
 18907 | Orc:2    | Entered Level 2 of the Orcish Mines
 18909 | Orc:2    | Identified a scroll of acquirement
 18910 | Orc:2    | Got a spiked hat
 18916 | Orc:2    | Identified the +0 hat "Fuintac" {Int+4 Stlth+} (You acquired it on level 2 of the Orcish Mines)
 19384 | Orc:1    | Noticed an orc high priest
 19502 | Orc:2    | HP: 3/81 [poisoned by an orc warrior]
 20001 | Lair:5   | Noticed Wallaby3's ghost (journeyman OgAM)
 20492 | Lair:5   | Killed a five-headed hydra
 20670 | Lair:6   | Found a staircase to the Slime Pits.
 20719 | Lair:6   | Found a stormy altar of Qazlal.
 20868 | Lair:6   | Found a staircase to the Snake Pit.
 20883 | Lair:6   | Reached ***** piety under Vehumet
 20919 | Lair:6   | Found a dark tunnel.
 20924 | Volcano  | Entered a volcano
 21533 | Lair:6   | Noticed a death yak
 21535 | Lair:6   | Noticed a death yak
 21535 | Lair:6   | Noticed a death yak
 21536 | Lair:6   | Noticed a death yak
 21560 | Lair:6   | Killed a death yak
 21629 | Lair:6   | Noticed a death yak
 21645 | Lair:6   | Noticed a death yak
 21679 | Lair:6   | Killed a death yak
 21752 | Lair:6   | Killed a death yak
 21752 | Lair:6   | Reached XP level 13. HP: 86/86 MP: 10/28
 22087 | Lair:5   | Offered knowledge of Delayed Fireball by Vehumet.
 23734 | Lair:8   | Entered Level 8 of the Lair of Beasts
 26719 | Lair:8   | Offered knowledge of Bolt of Cold by Vehumet.
 26727 | Lair:8   | Learned a level 6 spell: Bolt of Cold
 26764 | Lair:8   | Reached XP level 14. HP: 81/93 MP: 20/30
 27819 | Lair:8   | Got a dazzling scimitar
 27824 | Lair:8   | Identified the +6 scimitar "Rig Ufoz" {venom, +Blink Int+2} (You found it on level 8 of the Lair of Beasts)
 29849 | Orc:1    | Reached skill level 1 in Fighting
 30245 | Orc:2    | Noticed Azrael
 30251 | Orc:2    | Killed Azrael
 30484 | Orc:2    | Found a staircase to the Elven Halls.
 30829 | Orc:2    | Reached skill level 5 in Fighting
 31354 | Orc:2    | Offered knowledge of Bolt of Magma by Vehumet.
 31911 | Orc:2    | Found Ahean's Antique Armour Boutique.
 31911 | Orc:2    | Found Weunla's Distillery.
 31913 | Orc:2    | Found Cisoz's Magic Scroll Emporium.
 31913 | Orc:2    | Found Velyum's Gadget Boutique.
 33665 | D:12     | Found a glowing golden altar of the Shining One.
 33666 | D:12     | Gained mutation: You are agile. (Dex +2) [potion of mutation]
 33666 | D:12     | Gained mutation: You tend to lose your temper in combat. [potion of mutation]
 33666 | D:12     | Gained mutation: You are resistant to electric shocks. [potion of mutation]
 33668 | D:12     | Gained mutation: You have a pair of small horns on your head. [potion of mutation]
 33669 | D:12     | Gained mutation: Your body sometimes deteriorates upon taking damage. [potion of mutation]
 33694 | D:12     | Found Paefada's Distillery.
 33702 | D:12     | Bought a potion of heal wounds for 65 gold pieces
 33931 | D:12     | Reached XP level 15. HP: 39/124 MP: 8/32
 34109 | D:12     | Found a flagged portal.
 34116 | Bailey   | Entered a bailey
 34831 | Bailey   | Identified a +1 pair of boots of running (You found it in a bailey)
 34950 | D:12     | Reached ****** piety under Vehumet
 35043 | D:12     | Identified the Guide on Stolen Souls
 35050 | D:12     | Learned a level 5 spell: Bolt of Magma
 35099 | D:12     | Offered knowledge of Iron Shot by Vehumet.
 35326 | D:12     | Reached skill level 10 in Fighting
 35994 | D:12     | Gained mutation: You have large cloven feet. [potion of beneficial mutation]
 36210 | D:12     | Found a blossoming altar of Fedhas.
 36434 | D:12     | Gained mutation: You possess an exceptional clarity of mind. [mutagenic meat]
 36435 | D:12     | Gained mutation: You are very agile. (Dex +4) [mutagenic meat]
 36530 | D:12     | Upgraded the game from 0.18-a0-1468-gaf180a1 to 0.18-a0-1481-g708b138
 36591 | D:13     | Noticed Sonja
 36594 | D:13     | Killed Sonja
 36694 | D:13     | Found a gate to the Vaults.
 37238 | D:13     | Noticed Erolcha
 37364 | D:12     | Learned a level 6 spell: Iron Shot
 37375 | D:13     | Killed Erolcha
 37477 | D:13     | Offered knowledge of Orb of Destruction by Vehumet.
 37486 | D:13     | Learned a level 7 spell: Orb of Destruction
 39246 | D:15     | Entered Level 15 of the Dungeon
 39815 | D:15     | Found Fiyruck's Antique Weapon Boutique.
 39897 | D:15     | Bought a faintly glowing war axe for 212 gold pieces
 39899 | D:15     | Identified the +6 war axe of Gycoluim {venom, rC- MR+ MP+9} (You bought it in a shop on level 15 of the Dungeon)
 40336 | D:15     | HP: 3/126 [yaktaur captain/bolt (15)]
 40341 | D:15     | Shot with an arrow by a centaur warrior

Vault maps used:
D:1:      lemuel_arrival_funnel, minivault_5, nemelex_deck
D:2:      grunt_ministairs_15, serial_bayou_pond_e
D:3:      ashenzari_altar_1, minmay_misc_feat_doors, uniq_robin, uniq_terence,
          uniq_sigmund
D:5:      nicolae_ru_sacrificial_ziggurat, minmay_temple_entry_purple_smoke,
          first_bread
D:6:      lemuel_doored_altar, basic_altar, uniq_menkaure, uniq_pikel
D:7:      lemuel_blue_sif_altar, gammafunk_temple_overflow_wave
D:8:      kennysheep_ying_yang, lair_0_dummy, basic_altar, hangedman_ranch
D:9:      serial_shops, nicolae_shop_temple_entry_statues_fountains,
          kennysheep_cross_bottleneck
D:10:     uniq_nergalle, uniq_maud
D:11:     orc_david_3, serial_ice, serial_ice_i, serial_ice_a, serial_ice_g,
          serial_ice_e, portal_ice_cave_entry_pillars_02, st_stairs_9
D:12:     special_room, basic_altar, enter_bailey_3, serial_shops, shop,
          nicolae_lava_and_water, fedhas_altar_fruit_tree
D:13:     david_vaults_2, minmay_misc_feat_plants, uniq_erolcha, uniq_sonja
D:14:     eino_small_chamber_without_monster, hangedman_decor_peaks_small,
          grunt_decor_arrowhead, grunt_ministairs_5, nooodl_food_tri
D:15:     grunt_enter_depths_snipers, serial_shops, shop, shop_statue,
          tso_altar, st_stairs_6
Temple:   minmay_freezing_vapour_temple_12
Lair:1:   uniq_harold
Lair:2:   minmay_lair_oklob_items
Lair:4:   nicolae_swamp_entry_splash_gauntlet
Lair:5:   grunt_megastairs_4, uniq_josephine
Lair:6:   guppyfry_snake_entry_island, nicolae_slime_entry_slimehenge,
          nicolae_volcano_entry_s_turn, basic_altar
Lair:7:   serial_bayou_lagoon_b, grunt_megastairs_5
Lair:8:   guppyfry_lair_end_dragon, hangedman_lair_caniforms_friends,
          nicolae_quartered_pool_medium, serial_bayou_shore_a,
          bh_autumn_forest_stairs
Orc:2:    grunt_orc_tribal_feast, uniq_azrael
Bailey:   bailey_polearm_gnolls_kennysheep, bailey
Volcano:  volcano_overflow

Skill      XL: |  1  2  3  4  5  6  7  8  9 10 11 12 13 14 15 |
---------------+----------------------------------------------+-----
Ice Magic      | 4 5 6 7 9 10 12 13 14 | 14.7
Spellcasting   | 3 4 5 6 8 10 11 12 13 | 13.8
Conjurations   | 2 3 5 6 8 10 11 12 13 14 | 14.1
Dodging        | 7 8 |  8.5
Fighting       | 9 10 | 10.3
Stealth        | |  1.7

Action                   |  1- 3 |  4- 6 |  7- 9 | 10-12 | 13-15 || total
-------------------------+-------+-------+-------+-------+-------++-------
Melee: Dagger            |    65 |    57 |       |       |       ||   122
       Quarterstaff      |       |    12 |    66 |   153 |       ||   231
       Staff             |       |       |     6 |    26 |    35 ||    67
       Great mace        |       |       |       |    13 |   251 ||   264
Throw: Tomahawk          |       |       |       |       |     1 ||     1
       Throwing net      |       |       |       |       |     3 ||     3
 Cast: Freeze            |    42 |    48 |    99 |   162 |    47 ||   398
       Throw Icicle      |       |       |    45 |   236 |   501 ||   782
       Summon Ice Beast  |       |       |       |    46 |    57 ||   103
       Ozocubu's Armour  |       |       |       |     1 |    22 ||    23
       Iskenderun's Myst |       |       |       |       |     1 ||     1
       Bolt of Cold      |       |       |       |       |    76 ||    76
       Iron Shot         |       |       |       |       |    43 ||    43
       Bolt of Magma     |       |       |       |       |    13 ||    13
 Abil: Breathe Sticky Fl |       |       |    10 |    42 |    20 ||    72
Evoke: Deck              |     1 |     3 |       |       |       ||     4
       Wand              |       |       |    12 |    18 |     9 ||    39
  Use: Scroll            |     4 |     5 |     4 |    13 |    11 ||    37
       Potion            |       |       |     3 |     6 |     6 ||    15
 Stab: Sleeping          |     7 |     3 |       |     1 |     2 ||    13
       Distracted        |       |       |       |     1 |     1 ||     2
  Eat: Chunk             |     4 |     5 |    14 |    36 |    63 ||   122
       Fruit             |       |       |     3 |    14 |     4 ||    21
       Beef jerky        |       |       |     1 |     3 |     5 ||     9
       Pizza             |       |       |     1 |     5 |     7 ||    13
       Royal jelly       |       |       |       |     1 |     1 ||     2
       Meat ration       |       |       |       |     1 |     1 ||     2
